 Dungeon Crawl Stone Soup version 0.22.1-1-ga44c0e5 (webtiles) character file.

6602 Harpaggios the Martial Artist (level 11, -3/82 HPs)
             Began as a Gnoll Transmuter on Oct 16, 2018.
             Was an Elder of Yredelemnul.
             Slain by a gargoyle
             ... wielding a +0 mace of crushing
              (6 damage)
             ... on level 10 of the Dungeon on Oct 17, 2018.
             The game lasted 01:22:19 (10472 turns).

Harpaggios the Martial Artist (Gnoll Transmuter)   Turns: 10472, Time: 01:22:22

Health: -3/82      AC:  3    Str: 12    XL:     11   Next: 2%
Magic:  9/22       EV: 17    Int: 18    God:    Yredelemnul [****..]
Gold:   470        SH:  0    Dex: 17    Spells: 12/25 levels left

rFire    . . .     SeeInvis +   h - +4 spear (drain)
rCold    . . .     Gourm    .   (no shield)
rNeg     . . .     Faith    .   t - +1 robe {Archmagi}
rPois    .         Spirit   .   (no helmet)
rElec    .         Reflect  .   (no cloak)
rCorr    .         Harm     .   (no gloves)
MR       .....                  (no boots)
Stlth    +++.......             (no amulet)
HPRegen  0.23/turn              e - ring of see invisible
MPRegen  0.18/turn              (no ring)

@: no status effects
A: distributed training, fangs 1, strong nose
a: Recall Undead Slaves, Injury Mirror, Animate Dead, Drain Life, Renounce
Religion


You were on level 10 of the Dungeon.
You worshipped Yredelemnul.
Yredelemnul was greatly pleased with you.
You were not hungry.

You visited 1 branch of the dungeon, and saw 10 of its levels.

You collected 610 gold pieces.
You spent 140 gold pieces at shops.

Inventory:

Hand Weapons
 h - a +4 spear of draining (weapon)
Missiles
 a - 104 arrows
 b - 4 tomahawks
 y - 3 tomahawks of returning (quivered)
Armour
 k - +0 storm dragon scales
 t - a +1 robe of the Archmagi (worn)
 v - a +0 troll leather armour
 w - a +0 robe of fire resistance
Jewellery
 e - a ring of see invisible (left hand)
 r - an uncursed ring of ice
Wands
 n - a wand of polymorph (15)
 p - a wand of iceblast (19)
Scrolls
 c - 11 scrolls of remove curse
 f - 2 scrolls of teleportation
 j - 5 scrolls of amnesia
 m - 3 scrolls of magic mapping
 q - a scroll of enchant weapon
 s - 7 scrolls of identify
Potions
 i - 2 potions of curing
 l - 2 potions of lignification
 o - 2 potions of haste
 u - a potion of agility
Comestibles
 d - 25 rations


   Skills:
 + Level 6.3 Fighting
 + Level 5.7 Short Blades
 + Level 5.7 Long Blades
 + Level 5.7 Axes
 + Level 5.7 Maces & Flails
 + Level 5.7 Polearms
 + Level 5.7 Staves
 + Level 5.7 Slings
 + Level 5.7 Bows
 + Level 5.7 Crossbows
 + Level 5.7 Throwing
 + Level 5.7 Armour
 + Level 7.4 Dodging
 + Level 5.7 Stealth
 + Level 5.7 Shields
 + Level 8.8 Unarmed Combat
 + Level 7.7 Spellcasting
 + Level 4.7 Conjurations
 + Level 4.7 Hexes
 + Level 4.7 Charms
 + Level 4.7 Summonings
 + Level 4.7 Necromancy
 + Level 4.7 Translocations
 + Level 6.1 Transmutations
 + Level 4.7 Fire Magic
 + Level 4.7 Ice Magic
 + Level 4.7 Air Magic
 + Level 4.7 Earth Magic
 + Level 4.7 Poison Magic
 + Level 6.3 Invocations
 + Level 5.7 Evocations


You had 12 spell levels left.
You knew the following spells:

 Your Spells              Type           Power        Failure   Level  Hunger
a - Beastly Appendage     Tmut           #####.       1%          1    None
b - Sticks to Snakes      Tmut           #####...     1%          2    None
c - Spider Form           Tmut/Pois      #####.....   3%          3    #......
d - Regeneration          Chrm/Necr      #####.....   4%          3    #......
e - Ice Form              Ice/Tmut       #####...     11%         4    ###....

Your spell library contained the following spells:

 Spells                   Type           Power        Failure   Level  Hunger
 Animate Skeleton         Necr           N/A          1%          1    None
 Apportation              Tloc           #####.       1%          1    None
 Confusing Touch          Hex            #####.       1%          1    None
 Pain                     Necr           ####         1%          1    None
 Summon Small Mammal      Summ           ####         1%          1    None
 Vampiric Draining        Necr           #####.....   4%          3    #......
 Animate Dead             Necr           N/A          14%         4    ###....
 Blade Hands              Tmut           #####.....   22%         5    #####..


Dungeon Overview and Level Annotations

Branches:
Dungeon (10/15)            Temple (0/1) D:7            Lair (0/6) D:9
    Orc: D:9-12

Altars:
Ashenzari
Dithmenos
Fedhas
Gozag
Kikubaaqudgha
Makhleb
Ru
Yredelemnul
Zin

Shops:
D:5 *   D:8 !%(

Annotations:
D:7 exclusion: oklob plant
D:10 exclusion: orange crystal statue


Innate Abilities, Weirdness & Mutations

Your experience applies equally to all skills.
You have very sharp teeth.
Your uncanny sense of smell can sniff out nearby items.


Message History

The gargoyle hurls a stone arrow at you.
The stone arrow hits your adder.
Your adder dies!
Your adder barely misses the gargoyle.
You are too injured to fight recklessly!
You are too injured to fight recklessly!
You are too injured to fight recklessly!
Your adder bites the gargoyle but does no damage.
Your adder barely misses the gargoyle.
You barely miss the gargoyle. You hit the gargoyle but do no damage.
The gargoyle closely misses you.
Your adder barely misses the gargoyle.
You hit the gargoyle.
You bite the gargoyle, but do no damage.
The gargoyle is lightly damaged.
Your adder bites the gargoyle but does no damage.
The gargoyle hits you with a mace of crushing!!
* * * LOW HITPOINT WARNING * * *
You die...
Your body rises from the dead as a mindless zombie.

#S# ###.#.#.#.#.#.#. #.#
#.⌠...⌠...⌠..)⌠
#.######.#.#.#.#.#.#.
#..(..........⌠...⌠...⌠..
....######.#.#.#.#.#.#.#.#.
## #.#..⌠...⌠Z.Z⌠...⌠
#.#.#.#.#.#Z#Z#.#.
#.#.#######Z####.# #.
#@#.#.Z.Z.Z......# #..#
#9#.#.############
.....###########S#.#.#
#...$......9Y........#
#.##.###.#.#####.#.##### ..
)..#.# #.........# #.#
#####.# #.........# # #.#
#.............. #.#
#..).....!####.


You could see a gargoyle and a friendly adder.

Vanquished Creatures
  A hydra (D:8)
  A two-headed ogre (D:10)
  A troll (D:9)
  2 dream sheep (D:8)
  Sigmund (D:3)
  A yak (D:8)
  A porcupine (D:9)
  A water moccasin (D:8)
  2 sky beasts
  An orc warrior (D:9)
  2 ice beasts
  2 phantoms
  A black bear (D:9)
  3 ogres
  2 centaurs
  A crocodile (D:9)
  3 big kobolds
  6 bullfrogs
  A water moccasin zombie (D:8)
  A scorpion (D:10)
  2 howler monkeys (D:5)
  A bullfrog zombie (D:7)
  3 crimson imps
  A quasit (D:9)
  2 centaur zombies
  2 orc priests (D:4)
  5 orc wizards
  2 jellies
  Jessica (D:2)
  An iguana (D:8)
  5 worker ants
  A bullfrog skeleton (D:8)
  A killer bee zombie (D:7)
  A hound zombie (D:9)
  A hound skeleton (D:4)
  6 gnolls (D:6)
  10 adders
  An adder skeleton (D:7)
  2 worms
  2 dart slugs
  3 leopard geckos
  24 orcs
  3 bats
  3 giant cockroaches
  6 goblins
  8 hobgoblins
  8 jackals
  3 quokkas
  A ball python (D:1)
  A ball python skeleton (D:4)
  8 frilled lizards
  A jackal skeleton (D:5)
  11 kobolds
  6 rats
  A spectral orc (D:2)
171 creatures vanquished.

Vanquished Creatures (collateral kills)
  Erica (D:8)
  Psyche (D:8)
  A troll (D:7)
  2 yaks
  A hungry ghost (D:7)
  A porcupine (D:9)
  An orc warrior (D:7)
  An ogre (D:7)
  2 black bears (D:9)
  A centaur (D:9)
  A crocodile (D:9)
  2 big kobolds (D:8)
  A bullfrog (D:9)
  A yak zombie (D:8)
  5 wights (D:9)
  2 crimson imps
  2 bullfrog zombies (D:9)
  A centaur zombie (D:6)
  A hound (D:6)
  4 orc priests
  3 orc wizards
  A worker ant (D:9)
  A killer bee zombie (D:8)
  A worker ant zombie (D:6)
  A gnoll (D:6)
  A howler monkey skeleton (D:7)
  2 adders
  An adder skeleton (D:7)
  A leopard gecko (D:5)
  11 orcs
  2 jackals (D:9)
  A kobold (D:10)
  A quokka (D:6)
  A quokka zombie (D:9)
  5 plants (D:9)
65 creatures vanquished.

Vanquished Creatures (others)
  A troll zombie (D:7)
  A centaur zombie (D:9)
  4 bullfrog zombies
  A black bear zombie (D:9)
  An ogre zombie (D:10)
  A sky beast zombie (D:10)
  2 big kobold zombies
  An adder zombie (D:6)
  8 orc zombies
  A gnoll zombie (D:6)
  2 kobold zombies (D:10)
  40 fungi (D:9)
  12 plants (D:9)
75 creatures vanquished.

Grand Total: 311 creatures vanquished

Notes
Turn   | Place    | Note
-------+----------+-------------------------------------------
     0 | D:1      | Harpaggios the Gnoll Transmuter began the quest for the
                  | Orb.
     0 | D:1      | Reached XP level 1. HP: 17/17 MP: 6/6
   189 | D:1      | Reached XP level 2. HP: 12/23 MP: 5/7
   605 | D:1      | Reached XP level 3. HP: 26/28 MP: 7/9
   657 | D:1      | Reached skill level 5 in Spellcasting
  1060 | D:2      | Learned a level 2 spell: Sticks to Snakes
  1147 | D:2      | Found a sacrificial altar of Ru.
  1239 | D:2      | Found a basalt altar of Yredelemnul.
  1251 | D:2      | Became a worshipper of Yredelemnul the Dark
  1347 | D:2      | Noticed Jessica
  1415 | D:2      | Reached skill level 1 in Invocations
  1444 | D:2      | Killed Jessica
  1444 | D:2      | Reached skill level 1 in Short Blades
  1444 | D:2      | Reached skill level 1 in Long Blades
  1444 | D:2      | Reached skill level 1 in Axes
  1444 | D:2      | Reached skill level 1 in Maces & Flails
  1444 | D:2      | Reached skill level 1 in Polearms
  1444 | D:2      | Reached skill level 1 in Staves
  1444 | D:2      | Reached skill level 1 in Slings
  1444 | D:2      | Reached skill level 1 in Bows
  1444 | D:2      | Reached skill level 1 in Crossbows
  1444 | D:2      | Reached skill level 1 in Throwing
  1444 | D:2      | Reached skill level 1 in Armour
  1444 | D:2      | Reached skill level 1 in Stealth
  1444 | D:2      | Reached skill level 1 in Shields
  1444 | D:2      | Reached skill level 1 in Evocations
  1444 | D:2      | Reached XP level 4. HP: 15/34 MP: 9/11
  2053 | D:3      | Noticed a phantom
  2088 | D:3      | Reached skill level 1 in Conjurations
  2088 | D:3      | Reached skill level 1 in Hexes
  2088 | D:3      | Reached skill level 1 in Charms
  2088 | D:3      | Reached skill level 1 in Summonings
  2088 | D:3      | Reached skill level 1 in Necromancy
  2088 | D:3      | Reached skill level 1 in Translocations
  2088 | D:3      | Reached skill level 1 in Fire Magic
  2088 | D:3      | Reached skill level 1 in Ice Magic
  2088 | D:3      | Reached skill level 1 in Air Magic
  2088 | D:3      | Reached skill level 1 in Earth Magic
  2088 | D:3      | Reached skill level 1 in Poison Magic
  2147 | D:3      | Noticed Sigmund
  2174 | D:3      | Killed Sigmund
  2174 | D:3      | Reached XP level 5. HP: 34/41 MP: 10/12
  2174 | D:3      | Reached XP level 6. HP: 40/47 MP: 10/13
  2569 | D:3      | Killed a phantom
  2569 | D:3      | Reached skill level 5 in Dodging
  2855 | D:3      | Found a shadowy altar of Dithmenos.
  2855 | D:3      | Found a burning altar of Makhleb.
  2912 | D:3      | Found a shattered altar of Ashenzari.
  2913 | D:3      | Found a glowing silver altar of Zin.
  2916 | D:3      | Found an ancient bone altar of Kikubaaqudgha.
  3168 | D:4      | Reached XP level 7. HP: 6/52 MP: 4/15
  3902 | D:4      | Reached * piety under Yredelemnul
  4118 | D:5      | Entered Level 5 of the Dungeon
  4224 | D:5      | Reached skill level 7 in Unarmed Combat
  4431 | D:5      | Reached XP level 8. HP: 60/60 MP: 16/16
  4604 | D:5      | Found Tamnayt's General Store.
  4609 | D:5      | Bought a +1 leather armour of fire resistance for 140 gold
                  | pieces
  5118 | D:6      | Found a shadowy altar of Dithmenos.
  6176 | D:7      | Noticed a troll
  6363 | D:7      | Found an opulent altar of Gozag.
  6432 | D:7      | Reached ** piety under Yredelemnul
  6598 | D:7      | Killed a troll
  6598 | D:7      | Reached skill level 5 in Transmutations
  6598 | D:7      | Reached XP level 9. HP: 14/66 MP: 18/18
  6892 | D:7      | Learned a level 3 spell: Spider Form
  7202 | D:7      | Found a blossoming altar of Fedhas.
  7224 | D:7      | Noticed an oklob plant
  7299 | D:7      | Found a staircase to the Ecumenical Temple.
  7552 | D:8      | Found Nexi's Distillery.
  7691 | D:8      | Reached skill level 5 in Fighting
  7710 | D:8      | Reached skill level 8 in Unarmed Combat
  7823 | D:8      | Noticed a three-headed hydra
  7838 | D:8      | Killed a three-headed hydra
  7838 | D:8      | Reached skill level 5 in Invocations
  7838 | D:8      | Reached XP level 10. HP: 8/74 MP: 20/20
  8077 | D:8      | Noticed Erica
  8104 | D:8      | Killed Erica
  8104 | D:8      | Reached *** piety under Yredelemnul
  8113 | D:8      | Found Tothuj's Food Shop.
  8152 | D:8      | Learned a level 3 spell: Regeneration
  8234 | D:8      | Noticed Psyche
  8247 | D:8      | Killed Psyche
  8247 | D:8      | Reached skill level 5 in Short Blades
  8247 | D:8      | Reached skill level 5 in Long Blades
  8247 | D:8      | Reached skill level 5 in Axes
  8247 | D:8      | Reached skill level 5 in Maces & Flails
  8247 | D:8      | Reached skill level 5 in Polearms
  8247 | D:8      | Reached skill level 5 in Staves
  8247 | D:8      | Reached skill level 5 in Slings
  8247 | D:8      | Reached skill level 5 in Bows
  8247 | D:8      | Reached skill level 5 in Crossbows
  8247 | D:8      | Reached skill level 5 in Throwing
  8247 | D:8      | Reached skill level 5 in Armour
  8247 | D:8      | Reached skill level 5 in Stealth
  8247 | D:8      | Reached skill level 5 in Shields
  8247 | D:8      | Reached skill level 5 in Evocations
  8375 | D:8      | Found Ixkolaqu's Weapon Boutique.
  9084 | D:9      | Found a staircase to the Lair.
  9846 | D:9      | Learned a level 4 spell: Ice Form
 10206 | D:10     | Entered Level 10 of the Dungeon
 10236 | D:10     | Noticed a two-headed ogre
 10249 | D:10     | Killed a two-headed ogre
 10302 | D:10     | Reached **** piety under Yredelemnul
 10391 | D:10     | Noticed an orange crystal statue
 10424 | D:10     | Noticed a gargoyle
 10446 | D:10     | Reached XP level 11. HP: 15/82 MP: 9/22
 10472 | D:10     | HP: 3/82 [gargoyle/mace of crushing (18)]
 10472 | D:10     | Slain by a gargoyle

Skill      XL: |  1  2  3  4  5  6  7  8  9 10 |
---------------+-------------------------------+-----
Spellcasting   | 5 6 7 |  7.7
Invocations    | 1 2 3 4 5 6 |  6.3
Short Blades   | 1 2 3 4 5 |  5.7
Long Blades    | 1 2 3 4 5 |  5.7
Axes           | 1 2 3 4 5 |  5.7
Maces & Flails | 1 2 3 4 5 |  5.7
Polearms       | 1 2 3 4 5 |  5.7
Staves         | 1 2 3 4 5 |  5.7
Slings         | 1 2 3 4 5 |  5.7
Bows           | 1 2 3 4 5 |  5.7
Crossbows      | 1 2 3 4 5 |  5.7
Throwing       | 1 2 3 4 5 |  5.7
Armour         | 1 2 3 4 5 |  5.7
Stealth        | 1 2 3 4 5 |  5.7
Shields        | 1 2 3 4 5 |  5.7
Evocations     | 1 2 3 4 5 |  5.7
Conjurations   | 1 2 3 4 |  4.7
Hexes          | 1 2 3 4 |  4.7
Charms         | 1 2 3 4 |  4.7
Summonings     | 1 2 3 4 |  4.7
Necromancy     | 1 2 3 4 |  4.7
Translocations | 1 2 3 4 |  4.7
Fire Magic     | 1 2 3 4 |  4.7
Ice Magic      | 1 2 3 4 |  4.7
Air Magic      | 1 2 3 4 |  4.7
Earth Magic    | 1 2 3 4 |  4.7
Poison Magic   | 1 2 3 4 |  4.7
Fighting       | 3 4 5 6 |  6.3
Transmutations | 4 5 6 |  6.1
Dodging        | 5 6 7 |  7.4
Unarmed Combat | 7 8 |  8.8

Action                   |  1- 3 |  4- 6 |  7- 9 | 10-12 || total
-------------------------+-------+-------+-------+-------++-------
Melee: Unarmed           |   102 |    80 |    17 |    62 ||   261
       Bite              |     9 |     7 |    37 |    16 ||    69
       Headbutt          |     6 |     5 |    15 |       ||    26
       Spear             |       |    10 |   356 |   169 ||   535
       Kick              |       |     4 |    11 |       ||    15
       Punch             |       |     5 |     8 |     3 ||    16
Throw: Tomahawk          |       |     2 |     4 |       ||     6
 Cast: Beastly Appendage |     9 |    10 |    11 |       ||    30
       Sticks to Snakes  |       |    11 |    31 |    56 ||    98
       Spider Form       |       |       |       |     4 ||     4
Invok: Animate Remains   |       |       |    21 |       ||    21
       Recall Undead Sla |       |       |     2 |     6 ||     8
       Animate Dead      |       |       |       |    11 ||    11
Evoke: Wand              |       |       |       |     1 ||     1
  Use: Scroll            |     3 |     2 |     7 |     5 ||    17
       Potion            |       |     5 |     6 |     2 ||    13
 Stab: Sleeping          |     3 |     3 |     6 |     5 ||    17
       Distracted        |       |       |     3 |     4 ||     7
       Invisible         |       |       |     1 |       ||     1
  Eat: Chunk             |     2 |     5 |    22 |     8 ||    37
       Ration            |       |       |       |     1 ||     1
Armor: Robe              |    14 |    12 |     6 |     6 ||    38
       Skin              |       |     3 |    15 |     1 ||    19
       Leather armour    |       |       |    21 |       ||    21
       Troll leather arm |       |       |    12 |     1 ||    13
Dodge: Dodged            |    59 |    39 |   225 |   161 ||   484
